Warning! The script has encountered some errors when parsing the replay. Please report them to the . » details
0x00, prev: 0x16: 16 02 08 00 E6 46 00 00 B3 F1 01 00 7C 33 00 00 3D 23 01 00 78 3B 00 00 82 78 00 00 A0 3D 00 00 02 FF 00 00 B3 41 00 00 F0 44 01 00 2D 45 00 00 27 FF 00 00 D4 45 00 00 16 45 01 00 1C 47 00 00 63 23 01 00 [00] 00 00 00 00 00 00 00 00 00 00 00 00 00 00 00 00 00 00 00 00 00 00 00 00 00
0x00, prev: 0x00: 16 02 08 00 E6 46 00 00 B3 F1 01 00 7C 33 00 00 3D 23 01 00 78 3B 00 00 82 78 00 00 A0 3D 00 00 02 FF 00 00 B3 41 00 00 F0 44 01 00 2D 45 00 00 27 FF 00 00 D4 45 00 00 16 45 01 00 1C 47 00 00 63 23 01 00 00 00 00 00 00 00 00 00 00 00 00 00 00 00 00 00 00 00 00 00 00 00 00 00 [00] 00
0x00, prev: 0x01: 16 02 01 00 CF 40 00 00 0F 51 00 00 00 00 00 00 00 00 00 00 00 00 00 00 00 00 00 00 00 00 00 00 00 00 00 00 01 [00]
General information
- name: BNet
- type: Ladder team game (AT/RT)
- host: Battle.net
- saver: windows_vista2
map: TurtleRock
- players: 4
- length: 12:46
- speed: Fast
- version: 1.23 W3XP
- replay type: Public
» download(48 KB)
Players
team 1 (loser)
BzQc-fred_lepro (
purple | 53 APM | 476 actions | 08:58)
2 Mountain King
1 Storm Bolt
1 Thunder Clap
» actions
| Build / train | 20 | |
| Enter build submenu | 7 | |
| Enter hero's abilities submenu | 2 | |
| Remove unit from queue | 3 | |
| Right click | 280 | |
| Select / deselect | 147 | |
| Use ability | 17 | |
476 total
» units
» upgrades
» buildings
| Barracks | 1 | |
| Farm | 4 | |
| Altar of Kings | 1 | |
6 total
» build order
00:06 Barracks
00:10 Farm
00:32 Altar of Kings
01:33 Farm
02:20 Farm
03:02 Farm
BzQc-tEqUiLa (
blue | 45 APM | 404 actions | 08:58)
3 Paladin
2 Holy Light
1 Devotion Aura
» actions
| Basic commands | 13 | |
| Build / train | 35 | |
| ESC pressed | 3 | |
| Enter build submenu | 21 | |
| Enter hero's abilities submenu | 3 | |
| Remove unit from queue | 2 | |
| Right click | 145 | |
| Select / deselect | 156 | |
| Use ability | 26 | |
404 total
» units
| Peasant | 15 | |
| Footman | 2 | |
| Rifleman | 11 | |
28 total
» buildings
| Barracks | 2 | |
| Altar of Kings | 1 | |
| Farm | 5 | |
| Blacksmith | 1 | |
| Scout Tower | 2 | |
| Arcane Tower | 1 | |
12 total
» build order
00:07 Barracks
00:21 Altar of Kings
01:01 Farm
01:31 Farm
02:16 Blacksmith
03:38 Barracks
04:35 Farm
04:39 Scout Tower
05:21 Scout Tower
05:32 Arcane Tower
08:58 Farm
team 2 (winner)
mekka_gobb (
green | 64 APM | 578 actions | 08:58)
4 Goblin Tinker
2 Pocket Factory
2 Engineering Upgrade
1 Firelord
1 Summon Lava Spawn
» actions
| Assign group hotkey | 49 | |
| Basic commands | 8 | |
| Build / train | 68 | |
| Enter build submenu | 11 | |
| Enter hero's abilities submenu | 5 | |
| Right click | 169 | |
| Select / deselect | 137 | |
| Select group hotkey | 108 | |
| Use ability | 23 | |
578 total
» units
» upgrades
| Creature Attack | 1 | |
| Stone Form | 1 | |
| Ghoul Frenzy | 1 | |
3 total
» buildings
| Crypt | 2 | |
| Ziggurat | 6 | |
| Altar of Darkness | 1 | |
| Halls of the Dead | 3 | |
| Tomb of Relics | 1 | |
| Graveyard | 1 | |
| Black Citadel | 1 | |
| Spirit Tower | 8 | |
23 total
» build order
00:08 Crypt
00:11 Ziggurat
00:34 Crypt
01:06 Ziggurat
01:25 Altar of Darkness
03:12 Ziggurat
05:14 Halls of the Dead
05:14 Halls of the Dead
06:43 Ziggurat
06:45 Ziggurat
06:45 Ziggurat
06:47 Tomb of Relics
06:48 Graveyard
07:40 Black Citadel
08:58 Spirit Tower
windows_vista2 (
red | 93 APM | 834 actions | 08:58)
3 Goblin Tinker
2 Pocket Factory
1 Engineering Upgrade
1 Firelord
1 Summon Lava Spawn
» actions
| Assign group hotkey | 35 | |
| Basic commands | 21 | |
| Build / train | 39 | |
| ESC pressed | 1 | |
| Enter build submenu | 13 | |
| Enter hero's abilities submenu | 5 | |
| Right click | 308 | |
| Select / deselect | 177 | |
| Select group hotkey | 210 | |
| Use ability | 25 | |
834 total
» units
| Acolyte | 2 | |
| Ghoul | 13 | |
| Gargoyle | 5 | |
| Obsidian Statue | 1 | |
21 total
» upgrades
» buildings
| Crypt | 2 | |
| Ziggurat | 5 | |
| Altar of Darkness | 2 | |
| Graveyard | 1 | |
| Halls of the Dead | 4 | |
| Black Citadel | 1 | |
| Slaughterhouse | 1 | |
| Tomb of Relics | 1 | |
17 total
» build order
00:05 Crypt
00:07 Ziggurat
00:33 Crypt
01:00 Altar of Darkness
01:02 Ziggurat
01:22 Altar of Darkness
03:07 Ziggurat
04:26 Graveyard
04:28 Ziggurat
05:38 Halls of the Dead
05:39 Halls of the Dead
05:39 Halls of the Dead
08:02 Black Citadel
08:04 Slaughterhouse
08:05 Tomb of Relics
08:58 Ziggurat
» items
Chat log
(00:18 / Allies) windows_vista2: wtf barracks by gold line
(00:34 / Allies) windows_vista2: it goes
(00:37 / Allies) windows_vista2: crypt zig crypt
(00:38 / Allies) windows_vista2: then what
(00:43 / Allies) mekka_gobb: zig
(00:45 / Allies) mekka_gobb: ?
(00:47 / Allies) windows_vista2: altar next or another zig
(00:55 / Allies) windows_vista2: i think its altar
(00:59 / Allies) mekka_gobb: no
(01:04 / Allies) windows_vista2: fine zig
(01:13 / Allies) windows_vista2: altar at 50 wood
(01:39 / Allies) windows_vista2: now just ghouls
(01:43 / Allies) windows_vista2: all the way to 25 food
(02:20 / Allies) windows_vista2: go now?
(02:26 / Allies) mekka_gobb: ya
(04:32 / Allies) windows_vista2: wood now
(04:39 / Allies) windows_vista2: ?
(04:42 / Allies) mekka_gobb: ya
(04:44 / Allies) windows_vista2: next
(04:45 / Allies) windows_vista2: we got this
(04:46 / Allies) windows_vista2: next
(04:54 / All) windows_vista2: lol
(04:56 / All) windows_vista2: u like that/
(04:56 / Allies) mekka_gobb: towers goign up in that shit hole
(05:00 / All) windows_vista2: faggots faggot matching names fags faggots
(06:12 / All) windows_vista2: faggots naems
(06:14 / All) windows_vista2: faggot clan nerds fags
(07:00 / Allies) mekka_gobb: out
(07:08 / Allies) windows_vista2: go gargs next
(07:15 / Allies) windows_vista2: he has a peon
(07:17 / Allies) windows_vista2: whoops
(07:45 / All) windows_vista2: FUCK QUEBEC
(08:03 / Allies) mekka_gobb: rifles vs gargs
(08:06 / Allies) mekka_gobb: sounds like a bad idea
(08:11 / Allies) windows_vista2: nah we got it
(08:18 / Allies) windows_vista2: go garg/ghoul
(08:20 / Allies) windows_vista2: and get frenzy
(08:58 / All) mekka_gobb: NAbS